TOP OF THE 1ST |
Chiba Marines batting - Pitching for Tohoku Golden Eagles : RHP Sakan Fukumoto
|
Pitching: RHP Sakan Fukumoto
|
|
Batting: RHB Kazuteru Shimizu
|
0-0: Fly out, F7 (Flyball, 78M, EV 96.9 MPH)
|
Batting: RHB Jermão Le Coq
|
0-0: Called Strike 0-1: Foul Ball, location: 2F 0-2: Strikes out swinging
|
Batting: RHB Ryoichi Hazama
|
0-0: Ball 1-0: Foul Ball, location: 2F 1-1: Fly out, F8 (Flyball, 8RM, EV 85.0 MPH)
|
Top of the 1st over - 0 runs, 0 hits, 0 errors, 0 left on base; Chiba 0 - Tohoku 0 |
BOTTOM OF THE 1ST |
Tohoku Golden Eagles batting - Pitching for Chiba Marines : RHP Motoshi Ito
|
Pitching: RHP Motoshi Ito
|
|
Batting: LHB Yosuke Tsuda
|
0-0: Called Strike 0-1: Ball 1-1: Foul Ball, location: 2F 1-2: Strikes out swinging
|
Batting: RHB Kazuyuki Nakamura
|
0-0: Ball 1-0: Swinging Strike 1-1: Ball 2-1: Fly out, F7 (Flyball, 78XD, EV 83.8 MPH)
|
Batting: RHB Koju Fujimoto
|
0-0: Ball 1-0: Ball 2-0: Called Strike 2-1: Swinging Strike 2-2: Ball 3-2: SOLO HOME RUN (Flyball, 9D, EV 100.0 MPH), Distance : 360 ft
|
Batting: RHB Sadao Fujiwara
|
0-0: Ball 1-0: Called Strike 1-1: Foul Ball, location: 2F 1-2: Ball 2-2: Ball 3-2: Foul Ball, location: 2F 3-2: Ground out U3 (Groundball, 34S, EV 89.4 MPH)
|
Bottom of the 1st over - 1 run, 1 hit, 0 errors, 0 left on base; Chiba 0 - Tohoku 1 |
TOP OF THE 2ND |
Chiba Marines batting - Pitching for Tohoku Golden Eagles : RHP Sakan Fukumoto
|
Batting: RHB Shinji Kobayashi
|
0-0: Ball 1-0: SINGLE (Groundball, 6, EV 100.6 MPH)
|
Batting: RHB Kiyotaka Takeda
|
0-0: Called Strike 0-1: Fly out, F9 (Flyball, 89S, EV 90.0 MPH)
|
Batting: RHB Tsugunao Nakagawa
|
0-0: Called Strike 0-1: Foul Ball, location: 2F 0-2: Foul Ball, location: 2F 0-2: Strikes out looking
|
Batting: RHB Otojiro Kitagawa
|
0-0: Ball 1-0: Ball 2-0: Foul Ball, location: 2F 2-1: Foul Ball, location: 2F 2-2: Strikes out looking
|
Top of the 2nd over - 0 runs, 1 hit, 0 errors, 1 left on base; Chiba 0 - Tohoku 1 |
BOTTOM OF THE 2ND |
Tohoku Golden Eagles batting - Pitching for Chiba Marines : RHP Motoshi Ito
|
Batting: SHB Marihito Takayama
|
0-0: Ball 1-0: DOUBLE (Line Drive, 89D, EV 111.9 MPH)
|
Batting: RHB Dwain McFarlen
|
0-0: Called Strike 0-1: Ball 1-1: Ball 2-1: Ball 3-1: Fly out, F9 (Flyball, 9D, EV 95.0 MPH)
|
Batting: RHB Zhi-xin Seah
|
0-0: Ball 1-0: Ground out 4-3 (Groundball, 4, EV 82.5 MPH) Marihito Takayama to third
|
Batting: RHB Daisaku Yoshikawa
|
0-0: SINGLE (Groundball, 34D, EV 101.2 MPH) Marihito Takayama scores
|
Batting: RHB Juan de Herrera
|
0-0: Ball Daisaku Yoshikawa steals 2nd base 1-0: Ground out 6-3 (Groundball, 6, EV 93.8 MPH)
|
Bottom of the 2nd over - 1 run, 2 hits, 0 errors, 1 left on base; Chiba 0 - Tohoku 2 |
TOP OF THE 3RD |
Chiba Marines batting - Pitching for Tohoku Golden Eagles : RHP Sakan Fukumoto
|
Batting: RHB Motoi Handa
|
0-0: Ground out 5-3 (Groundball, 56, EV 81.2 MPH)
|
Batting: RHB Riichi Suzuki
|
0-0: Ball 1-0: Called Strike 1-1: Foul Ball, location: 2F 1-2: Foul Ball, location: 2F 1-2: Ground out 2-3 (Groundball, 15S, EV 72.5 MPH)
|
Batting: RHB Kazuteru Shimizu
|
0-0: Ball 1-0: Ball 2-0: Ball 3-0: Ground out 5-3 (Groundball, 25, EV 86.9 MPH)
|
Top of the 3rd over - 0 runs, 0 hits, 0 errors, 0 left on base; Chiba 0 - Tohoku 2 |
BOTTOM OF THE 3RD |
Tohoku Golden Eagles batting - Pitching for Chiba Marines : RHP Motoshi Ito
|
Batting: LHB Yosuke Tsuda
|
0-0: SINGLE (Flyball, 5D, EV 93.8 MPH)
|
Batting: RHB Kazuyuki Nakamura
|
0-0: Called Strike 0-1: Fly out, F4 (Line Drive, 4, EV 68.1 MPH)
|
Batting: RHB Koju Fujimoto
|
0-0: Ball 1-0: Ball 2-0: Ball 3-0: Base on Balls Yosuke Tsuda to second
|
Batting: RHB Sadao Fujiwara
|
0-0: Ball 1-0: Fly out, F6 (Line Drive, 56, EV 70.0 MPH)
|
Batting: SHB Marihito Takayama
|
0-0: Called Strike 0-1: Ball 1-1: Called Strike 1-2: Fly out, F8 (Flyball, 8LXD, EV 86.2 MPH)
|
Bottom of the 3rd over - 0 runs, 1 hit, 0 errors, 2 left on base; Chiba 0 - Tohoku 2 |
TOP OF THE 4TH |
Chiba Marines batting - Pitching for Tohoku Golden Eagles : RHP Sakan Fukumoto
|
Batting: RHB Jermão Le Coq
|
0-0: Ball 1-0: Ball 2-0: Called Strike 2-1: Swinging Strike 2-2: Ball 3-2: Strikes out looking
|
Batting: RHB Ryoichi Hazama
|
0-0: SINGLE (Line Drive, 56D, EV 96.2 MPH)
|
Batting: RHB Shinji Kobayashi
|
0-0: Grounds into double play, 4-6-3 (Groundball, 34, EV 90.0 MPH)
|
Top of the 4th over - 0 runs, 1 hit, 0 errors, 0 left on base; Chiba 0 - Tohoku 2 |
BOTTOM OF THE 4TH |
Tohoku Golden Eagles batting - Pitching for Chiba Marines : RHP Motoshi Ito
|
Batting: RHB Dwain McFarlen
|
0-0: Ball 1-0: Swinging Strike 1-1: Swinging Strike 1-2: Fly out, F7 (Line Drive, 7D, EV 98.1 MPH)
|
Batting: RHB Zhi-xin Seah
|
0-0: Called Strike 0-1: Foul Ball, location: 2F 0-2: Foul Ball, location: 2F 0-2: Ball 1-2: Foul Ball, location: 2F 1-2: Ball 2-2: Ground out 1-3 (Groundball, 13, EV 66.2 MPH)
|
Batting: RHB Daisaku Yoshikawa
|
0-0: Foul Ball, location: 2F 0-1: Ball 1-1: Swinging Strike 1-2: Strikes out looking
|
Bottom of the 4th over - 0 runs, 0 hits, 0 errors, 0 left on base; Chiba 0 - Tohoku 2 |
TOP OF THE 5TH |
Chiba Marines batting - Pitching for Tohoku Golden Eagles : RHP Sakan Fukumoto
|
Batting: RHB Kiyotaka Takeda
|
0-0: Ball 1-0: Ball 2-0: Called Strike 2-1: Swinging Strike 2-2: Ball 3-2: Fly out, F4 (Line Drive, 34D, EV 73.1 MPH)
|
Batting: RHB Tsugunao Nakagawa
|
0-0: Ball 1-0: Called Strike 1-1: Ball 2-1: Foul Ball, location: 2F 2-2: Foul Ball, location: 2F 2-2: Ball 3-2: Foul Ball, location: 2F 3-2: Foul Ball, location: 2F 3-2: Foul Ball, location: 2F 3-2: Fly out, F8 (Flyball, 8LD, EV 91.9 MPH)
|
Batting: RHB Otojiro Kitagawa
|
0-0: Swinging Strike 0-1: Foul Ball, location: 2F 0-2: Ball 1-2: Ground out 6-3 (Groundball, 6, EV 107.5 MPH)
|
Top of the 5th over - 0 runs, 0 hits, 0 errors, 0 left on base; Chiba 0 - Tohoku 2 |
BOTTOM OF THE 5TH |
Tohoku Golden Eagles batting - Pitching for Chiba Marines : RHP Motoshi Ito
|
Batting: RHB Juan de Herrera
|
0-0: Called Strike 0-1: Swinging Strike 0-2: Ball 1-2: Strikes out looking
|
Batting: LHB Yosuke Tsuda
|
0-0: Called Strike 0-1: Ball 1-1: Called Strike 1-2: Strikes out swinging
|
Batting: RHB Kazuyuki Nakamura
|
0-0: Ground out 6-3 (Groundball, 6, EV 84.4 MPH)
|
Bottom of the 5th over - 0 runs, 0 hits, 0 errors, 0 left on base; Chiba 0 - Tohoku 2 |
TOP OF THE 6TH |
Chiba Marines batting - Pitching for Tohoku Golden Eagles : RHP Sakan Fukumoto
|
Batting: RHB Motoi Handa
|
0-0: Called Strike 0-1: Swinging Strike 0-2: Foul Ball, location: 2F 0-2: Strikes out swinging
|
Batting: RHB Riichi Suzuki
|
0-0: Ball 1-0: Called Strike 1-1: Ball 2-1: Ball 3-1: Foul Ball, location: 2F 3-2: Strikes out swinging
|
Batting: RHB Kazuteru Shimizu
|
0-0: Called Strike 0-1: Foul Ball, location: 2F 0-2: Ground out 5-3 (Groundball, 5, EV 99.4 MPH)
|
Top of the 6th over - 0 runs, 0 hits, 0 errors, 0 left on base; Chiba 0 - Tohoku 2 |
BOTTOM OF THE 6TH |
Tohoku Golden Eagles batting - Pitching for Chiba Marines : RHP Motoshi Ito
|
Batting: RHB Koju Fujimoto
|
0-0: Foul Ball, location: 2F 0-1: Called Strike 0-2: Strikes out swinging
|
Batting: RHB Sadao Fujiwara
|
0-0: Swinging Strike 0-1: Swinging Strike 0-2: Ball 1-2: Ball 2-2: Foul Ball, location: 2F 2-2: Ground out 6-3 (Groundball, 6, EV 107.5 MPH)
|
Batting: SHB Marihito Takayama
|
0-0: Hit by Pitch
|
Batting: RHB Dwain McFarlen
|
0-0: Ball 1-0: Called Strike 1-1: Ball 2-1: Ball 3-1: Foul Ball, location: 2F 3-2: Ground out 6-3 (Groundball, 56, EV 100.0 MPH)
|
Bottom of the 6th over - 0 runs, 0 hits, 0 errors, 1 left on base; Chiba 0 - Tohoku 2 |
TOP OF THE 7TH |
Chiba Marines batting - Pitching for Tohoku Golden Eagles : RHP Sakan Fukumoto
|
Batting: RHB Jermão Le Coq
|
0-0: Foul Ball, location: 2F 0-1: Ball 1-1: Ball 2-1: Ball 3-1: Base on Balls
|
Batting: RHB Ryoichi Hazama
|
0-0: Ball 1-0: Grounds into double play, 4-6-3 (Groundball, 4M, EV 78.8 MPH)
|
Batting: RHB Shinji Kobayashi
|
0-0: Ball 1-0: Ball 2-0: SINGLE (Flyball, 89S, EV 96.2 MPH)
|
Batting: RHB Kiyotaka Takeda
|
0-0: Ball 1-0: Ball 2-0: Foul Ball, location: 2F 2-1: Called Strike 2-2: Fly out, F8 (Flyball, 8RD, EV 95.6 MPH)
|
Top of the 7th over - 0 runs, 1 hit, 0 errors, 1 left on base; Chiba 0 - Tohoku 2 |
BOTTOM OF THE 7TH |
Tohoku Golden Eagles batting - Pitching for Chiba Marines : RHP Motoshi Ito
|
Batting: RHB Zhi-xin Seah
|
0-0: Ball 1-0: Foul Ball, location: 2F 1-1: Ball 2-1: Fly out, F7 (Line Drive, 7LM, EV 107.5 MPH)
|
Batting: RHB Daisaku Yoshikawa
|
0-0: Called Strike 0-1: Ball 1-1: Ball 2-1: Foul Ball, location: 2F 2-2: Foul Ball, location: 2F 2-2: Foul Ball, location: 2F 2-2: Foul Ball, location: 2F 2-2: Foul Ball, location: 2F 2-2: Foul Ball, location: 2F 2-2: Ground out 6-3 (Groundball, 6MD, EV 91.2 MPH)
|
Batting: RHB Juan de Herrera
|
0-0: Fly out, F9 (Flyball, 9S, EV 90.0 MPH)
|
Bottom of the 7th over - 0 runs, 0 hits, 0 errors, 0 left on base; Chiba 0 - Tohoku 2 |
TOP OF THE 8TH |
Chiba Marines batting - Pitching for Tohoku Golden Eagles : RHP Sakan Fukumoto
|
Now in LF: Kazuyuki Nakamura
|
|
Now in CF: Yoshimichi Iwamoto
|
|
Batting: RHB Tsugunao Nakagawa
|
0-0: Ball 1-0: Foul Ball, location: 2F 1-1: Foul Ball, location: 2F 1-2: Ball 2-2: Fly out, F3 (Line Drive, 34, EV 68.1 MPH)
|
Batting: RHB Otojiro Kitagawa
|
0-0: Ball 1-0: Called Strike 1-1: Called Strike 1-2: Strikes out swinging
|
Batting: RHB Motoi Handa
|
0-0: Ball 1-0: Called Strike 1-1: Swinging Strike 1-2: Fly out, F8 (Flyball, 8LM, EV 94.4 MPH)
|
Top of the 8th over - 0 runs, 0 hits, 0 errors, 0 left on base; Chiba 0 - Tohoku 2 |
BOTTOM OF THE 8TH |
Tohoku Golden Eagles batting - Pitching for Chiba Marines : RHP Motoshi Ito
|
Batting: LHB Yosuke Tsuda
|
0-0: Called Strike 0-1: Called Strike 0-2: Ball 1-2: Ground out 4-3 (Groundball, 4, EV 101.9 MPH)
|
Batting: RHB Kazuyuki Nakamura
|
0-0: Ball 1-0: Ball 2-0: Foul Ball, location: 2F 2-1: Fly out, F9 (Line Drive, 9S, EV 90.0 MPH)
|
Batting: RHB Koju Fujimoto
|
0-0: Ball 1-0: Ball 2-0: Ball 3-0: Called Strike 3-1: Fly out, F9 (Flyball, 9S, EV 84.4 MPH)
|
Bottom of the 8th over - 0 runs, 0 hits, 0 errors, 0 left on base; Chiba 0 - Tohoku 2 |
TOP OF THE 9TH |
Chiba Marines batting - Pitching for Tohoku Golden Eagles : RHP Sakan Fukumoto
|
Pitching: RHP Jorge Ceballos
|
|
Batting: RHB Riichi Suzuki
|
0-0: Ball 1-0: Foul Ball, location: 2F 1-1: Fly out, F3 (Popup, 3SF, EV 88.8 MPH)
|
Pinch Hitting: LHB Etsuro Nakayama
|
0-0: Ball 1-0: Called Strike 1-1: Foul Ball, location: 2F 1-2: Ball 2-2: Strikes out swinging
|
Pinch Hitting: LHB Itsuto Kono
|
0-0: SINGLE (Groundball, 4MD, EV 105.6 MPH)
|
Batting: RHB Ryoichi Hazama
|
0-0: Ball 1-0: Swinging Strike 1-1: Foul Ball, location: 2F 1-2: Ball 2-2: Ball 3-2: Reached on error, E8 (Flyball, 8RM, EV 75.6 MPH) Itsuto Kono to third
|
Batting: RHB Shinji Kobayashi
|
0-0: Called Strike 0-1: Ball 1-1: Swinging Strike 1-2: Ball 2-2: Foul Ball, location: 2F 2-2: Strikes out swinging
|
Top of the 9th over - 0 runs, 1 hit, 1 error, 2 left on base; Chiba 0 - Tohoku 2 |
|